 Dungeon Crawl Stone Soup version 0.18.1-6-gd335043 (webtiles) character file.

121 shmeve the Shield-Bearer (level 4, -4/42 HPs)
             Began as a Deep Dwarf Fighter on May 18, 2016.
             Killed by divine providence
             ... invoked by an orc priest
              (9 damage)
             ... on level 3 of the Dungeon.
             The game lasted 00:04:08 (1893 turns).

shmeve the Shield-Bearer (Deep Dwarf Fighter)       Turns: 1893, Time: 00:04:09

Health: -4/42      AC:  8    Str: 20    XL:     4   Next: 77%
Magic:  4/5        EV:  8    Int:  9    God:
Gold:   116        SH:  9    Dex: 12    Spells: 0 memorised, 3 levels left

rFire  . . .     SeeInvis .     a - +0 war axe
rCold  . . .     Gourm    .     b - +0 scale mail
rNeg   . . .     Faith    .     c - +0 shield
rPois  .         Spirit   .     u - +0 helmet (curse)
rElec  .         Dismiss  .     (no cloak)
rCorr  .         Reflect  .     (no gloves)
SustAt .         Harm     .     (no boots)
MR     .....                    (no amulet)
Stlth  ..........               (no ring)
                                (no ring)

@: non-regenerating, not resistant to hostile enchantments, extremely unstealthy
A: damage resistance, recharge devices, sense surroundings 1, slow regeneration
3
a: Device Recharging


You were on level 3 of the Dungeon.
You were not hungry.

You visited 1 branch of the dungeon, and saw 3 of its levels.

You collected 116 gold pieces.

Inventory:

Hand Weapons
 a - a +0 war axe (weapon)
Armour
 b - a +0 scale mail (worn)
 c - a +0 shield (worn)
 u - a cursed +0 helmet (worn)
 x - a +2 helmet
Wands
 e - a wand of heal wounds (4/9)
Scrolls
 h - 2 scrolls of remove curse {unknown}
 i - a scroll of identify {unknown}
 k - a scroll of recharging {unknown}
 m - a scroll of noise {unknown}
 p - a scroll of enchant weapon {unknown}
 s - a scroll of fog {unknown}
 w - a scroll of amnesia {unknown}
Potions
 d - a potion of might
 g - a potion of flight {unknown}
 j - 2 potions of heal wounds {unknown}
 n - a potion of lignification {unknown}
 o - a potion of ambrosia {unknown}
 r - a potion of resistance {unknown}
 t - a potion of degeneration {unknown}
 v - 2 potions of curing {unknown}
 z - 2 potions of berserk rage {unknown}
Comestibles
 f - a bread ration
 l - 3 meat rations
 q - a slice of pizza
 A - 3 chunks of flesh


   Skills:
 * Level 3.4 Fighting
 * Level 3.1 Axes
 + Level 3.8 Armour
 + Level 1.4 Dodging
 * Level 3.9 Shields
 + Level 1.3 Evocations


You had 3 spell levels left.
You didn't know any spells.

Dungeon Overview and Level Annotations

Branches:
Dungeon (3/15)

Altars:
Cheibriados
Elyvilon
Pakellas


Innate Abilities, Weirdness & Mutations

You are resistant to damage.
You can recharge devices by infusing magical energy.
You passively map a small area around you.
You do not regenerate naturally.


Message History

The orc priest is moderately wounded.
The orc priest closely misses you.
The orc priest invokes the aid of Beogh against you.
Pain shoots through your body!
* * * LOW HITPOINT WARNING * * *
You slash the orc priest!
You kill the orc priest!
The orc priest casts a cantrip, but nothing happens.
You block the orc's attack.
You closely miss the orc. The orc closely misses you.
Unknown command.
You hit the orc.
The orc is moderately wounded.
You block the orc's attack.
Your shield and scale mail prevent you from hitting the orc.
The orc is moderately wounded.
The orc barely misses you.
The orc priest invokes the aid of Beogh against you.
Beogh smites you!
You die...

.#.#.##.##.#.###.#
.......).........# ,
.#.#.##.##.#.####* # < *
........##.#.# .#
.#.#.#####.#.# .# ,
.#.#.#####รท#.#####.####.
,
.#.#....................
, )#.#######.#.###...####
* , .#...........# #@#.#
, ** .###########.#*#o#,#
*, <# ,,, .....o# * ,
#.......,, ..###.# , , *
....... ...# #.# *
*......., ...# #.#,
###+### #.#* * * **,,
,... , ,, ,


You could see an orc priest and an orc.

Vanquished Creatures
  An orc priest (D:3)
  4 adders
  An ooze (D:1)
  A worm (D:2)
  2 dart slugs
  2 giant geckos
  An orc (D:3)
  6 hobgoblins
  2 jackals (D:2)
  5 bats
  6 giant newts
  3 goblins
  5 kobolds
  5 rats (D:2)
44 creatures vanquished.

Notes
Turn   | Place    | Note
--------------------------------------------------------------
     0 | D:1      | shmeve the Deep Dwarf Fighter began the quest for the Orb.
     0 | D:1      | Reached XP level 1. HP: 20/20 MP: 1/1
   176 | D:1      | Reached XP level 2. HP: 24/27 MP: 2/2
   919 | D:2      | Reached XP level 3. HP: 15/34 MP: 3/3
   971 | D:2      | Reached skill level 1 in Dodging
  1667 | D:2      | Reached skill level 1 in Evocations
  1672 | D:2      | Reached XP level 4. HP: 34/42 MP: 4/4
  1763 | D:2      | Found a white marble altar of Elyvilon.
  1766 | D:2      | Found an oddly glowing altar of Pakellas.
  1769 | D:2      | Found a snail-covered altar of Cheibriados.
  1893 | D:3      | Killed from afar by an orc priest

Skill      XL: |  1  2  3  4 |
---------------+-------------+-----
Fighting       | 3 |  3.4
Dodging        | 1 |  1.4
Evocations     | 1 |  1.3
Axes           | 3 |  3.1
Armour         | |  3.8
Shields        | |  3.9

Action                   |  1- 3 |  4- 6 || total
-------------------------+-------+-------++-------
Melee: War axe           |   163 |    46 ||   209
Evoke: Wand              |     1 |       ||     1
  Eat: Chunk             |     3 |     1 ||     4
Armor: Scale mail        |   100 |    23 ||   123
Dodge: Dodged            |    52 |    22 ||    74
Block: Shield            |   114 |    27 ||   141
